Map: Emerald City CE

Players

Ekelpack - Winner!

  • Race: Zerg Zerg
  • Spawn Location: 5:00

Nyck - Winner!

  • Race: Terran Terran
  • Spawn Location: 5:00

reinhart

  • Race: Protoss Protoss
  • League: Platinum
  • Spawn Location: 11:00

geilhart

  • Race: Terran Terran
  • League: Bronze
  • Spawn Location: 11:00

VOD

Have the link to the VOD?

Description

Time

  • Played on: Jan. 29, 2025, 2:13 p.m.
  • Length: 13:42
Show
View Real Time Build Order
Export as new Build Order

Ekelpack Zerg - Winner!

Build Orders: Hatch First 

Get SALT Encoding   

  12  0:00  Drone  
  13  0:12  Overlord  
  13  0:18  Drone  
  14  0:31  Drone x2  
  14  0:35  Drone  
  17  0:53  Hatchery  
  17  0:54  Drone  
  17  1:08  Spawning Pool  
  16  1:12  Extractor  
  16  1:13  Drone  
  16  1:16  Drone  
  17  1:19  Drone  
  18  1:28  Drone  
  19  1:39  Drone  
  20  1:50  Drone  
  21  2:04  Queen  
  21  2:07  Drone, Queen  
  26  2:14  Drone x2  
  28  2:17  Metabolic Boost  
  28  2:18  Extractor  
  28  2:20  Drone  
  28  2:27  Overlord  
  28  2:47  Drone x2  
  28  2:49  Drone  
  28  2:50  Drone  
  32  2:51  Lair  
  32  2:59  Drone x2  
  32  3:00  Drone  
  35  3:05  Overlord  
  35  3:10  Drone, Extractor  
  35  3:16  Drone  
  36  3:24  Drone x3  
  39  3:30  Drone x3  
  42  3:34  Extractor  
  42  3:36  Drone  
  43  3:48  Drone  
  43  3:49  Zergling x2  
  44  3:56  Overlord  
  44  3:57  Overlord, Spire  
  44  3:59  Drone  
  44  4:14  Overlord  
  44  4:20  Drone x3  
  44  4:21  Overlord  
  44  4:22  Overlord  
  47  4:27  Zergling x6  
  50  4:52  Overlord  
  50  5:08  Mutalisk x4  
  50  5:09  Mutalisk x3  
  50  5:13  Mutalisk  
  66  5:24  Mutalisk x5  
  76  5:32  Hatchery  
  74  5:49  Zergling x8  
  78  5:50  Zergling x2  
  78  5:56  Infestation Pit  
  78  5:57  Zergling x8  
  78  5:58  Overlord  
  78  5:59  Overlord  
  82  6:05  Zergling x6  
  85  6:13  Evolution Chamber  
  85  6:15  Evolution Chamber  
  83  6:33  Mutalisk x2  
  83  6:34  Mutalisk x2  
  83  6:36  Overlord x2  
  91  6:43  Queen  
  91  6:45  Drone x3  
  91  6:46  Drone x2  
  98  6:51  Hive  
  96  7:08  Drone x4  
  100  7:16  Extractor  
  100  7:17  Drone x4  
  100  7:18  Drone, Extractor  
  103  7:23  Zerg Melee Weapons Level 1, Zerg Ground Armor Level 1  
  103  7:38  Drone x3  
  106  7:44  Drone x2  
  106  7:45  Drone x2  
  110  8:04  Ultralisk Cavern, Adrenal Glands  
  109  8:06  Zergling x8  
  109  8:07  Zergling x14  
  114  8:43  Zergling x2  
  114  8:44  Zergling x12  
  121  8:54  Overlord x2  
  121  8:55  Overlord x2  
  121  9:00  Chitinous Plating  
  121  9:03  Overlord x3  
  121  9:16  Zerg Melee Weapons Level 2  
  121  9:17  Zerg Ground Armor Level 2  
  121  9:19  Ultralisk  
  121  9:20  Ultralisk x4  
  151  9:24  Ultralisk  
  157  9:54  Ultralisk x2  
  157  9:55  Zergling x12  
  175  10:22  Overlord x3  
  169  10:42  Ultralisk x5  
  156  10:43  Zergling x6  
  156  10:44  Zergling x12  
  156  10:45  Zergling x4  
  156  10:46  Zergling x2  
  155  10:55  Zergling x6  
  158  11:03  Zergling x4  
  144  11:33  Ultralisk  
  144  11:34  Zergling x4, Ultralisk x3  
  144  11:35  Zergling x4  
  170  11:56  Hatchery  
  170  11:58  Extractor  
  167  12:01  Overseer x2  
  167  12:02  Overseer  
  129  12:28  Zergling x8, Ultralisk x2  
  129  12:29  Zergling x12  
  112  13:01  Zergling x6  
  112  13:02  Zergling x12  
  112  13:03  Zergling x10  
Show
View Real Time Build Order
Export as new Build Order

Nyck Terran - Winner!

Build Orders:  

Get SALT Encoding   

  12  0:00  SCV  
  13  0:17  Supply Depot  
  14  0:21  SCV  
  14  0:33  SCV  
  15  0:42  Barracks  
  15  0:46  SCV  
  16  0:53  Refinery  
  16  0:59  SCV  
  17  1:11  SCV  
  18  1:23  SCV  
  19  1:35  Barracks  
  19  1:37  Reaper  
  19  1:38  Orbital Command  
  20  2:04  Refinery  
  20  2:06  SCV  
  20  2:07  Supply Depot  
  21  2:13  Reaper  
  22  2:19  SCV  
  23  2:28  Reaper  
  24  2:30  Supply Depot  
  24  2:36  SCV  
  25  2:44  Command Center  
  25  2:54  SCV  
  26  3:08  SCV  
  27  3:13  Reaper x2  
  29  3:25  SCV  
  30  3:30  Factory  
  30  3:37  SCV  
  31  3:49  SCV  
  32  3:58  Orbital Command  
  32  4:00  Refinery  
  32  4:01  SCV  
  33  4:03  Reaper  
  33  4:04  Reaper, Refinery  
  35  4:13  SCV  
  36  4:18  Starport  
  36  4:20  Factory Reactor  
  36  4:25  SCV  
  36  4:28  SCV  
  38  4:37  SCV  
  39  4:40  SCV  
  40  4:47  Command Center  
  40  4:49  SCV  
  40  4:52  SCV  
  42  5:02  SCV  
  42  5:03  Barracks Reactor  
  42  5:04  SCV, Starport, Barracks Reactor  
  44  5:14  SCV  
  44  5:16  SCV  
  46  5:26  SCV  
  48  5:28  SCV  
  48  5:38  SCV  
  48  5:42  Starport  
  44  5:51  Factory Reactor  
  44  5:55  Marine x2  
  44  5:56  Marine x2  
  48  6:03  Starport Tech Lab  
  48  6:04  SCV  
  48  6:05  SCV  
  48  6:06  Orbital Command  
  48  6:09  Fusion Core  
  50  6:14  Armory  
  50  6:16  SCV  
  50  6:17  SCV  
  52  6:18  Supply Depot  
  52  6:20  Marine x2  
  52  6:22  Starport Tech Lab  
  54  6:31  SCV x2  
  57  6:37  Starport Tech Lab  
  56  6:42  Supply Depot  
  56  6:43  SCV x2  
  58  6:55  SCV x2  
  58  6:56  Command Center  
  60  7:04  Supply Depot, Terran Vehicle And Ship Armor Level 1  
  60  7:05  Orbital Command  
  60  7:27  Supply Depot  
  59  7:33  SCV x2  
  59  7:34  SCV  
  62  7:42  Battlecruiser x3  
  80  7:44  Marine x4  
  80  7:45  SCV x2  
  80  7:46  SCV  
  87  7:51  Supply Depot  
  87  7:53  Refinery  
  87  7:55  Refinery  
  87  7:57  SCV  
  87  7:58  SCV x2  
  90  8:06  Weapon Refit  
  90  8:10  SCV  
  91  8:14  Supply Depot  
  91  8:17  Command Center  
  91  8:19  SCV x2  
  93  8:29  Refinery  
  91  8:44  Marine x4  
  91  8:47  Battlecruiser x3  
  112  8:50  SCV x2  
  114  9:00  Terran Vehicle And Ship Armor Level 2  
  114  9:14  Orbital Command  
  114  9:20  SCV x2, Refinery  
  116  9:33  Supply Depot, Orbital Command  
  116  9:46  SCV x3  
  116  9:51  Battlecruiser x2  
  131  10:06  SCV x3  
  135  10:15  Battlecruiser  
  140  11:02  Supply Depot  
  140  11:17  Orbital Command  
  140  11:23  SCV x2, Battlecruiser  
  140  11:24  Supply Depot  
  148  11:26  Supply Depot  
  148  11:46  SCV x2, Battlecruiser  
  156  11:47  Supply Depot, SCV  
  156  11:48  Battlecruiser  
  163  11:58  SCV  
  164  12:10  Supply Depot  
  164  12:28  Battlecruiser  
  164  12:32  Supply Depot  
  164  12:48  SCV x4  
  174  12:52  Supply Depot  
  174  12:56  Supply Depot  
  180  13:00  SCV x2  
  182  13:15  Supply Depot  
  182  13:19  Supply Depot  
  185  13:42  Supply Depot  
Show
View Real Time Build Order
Export as new Build Order

reinhart Protoss 

Build Orders: 1 Gate Expand, Double Forge 

Get SALT Encoding   

  12  0:00  Probe  
  13  0:13  Pylon  
  13  0:18  Probe  
  14  0:33  Gateway  
  14  0:35  Probe  
  15  0:42  Assimilator  
  15  0:43  Probe  
  16  0:51  Probe  
  17  1:02  Probe  
  18  1:20  Cybernetics Core  
  18  1:34  Nexus  
  18  1:41  Pylon  
  18  1:45  Probe  
  18  1:46  Warp Gate  
  18  1:53  Probe  
  20  2:01  Sentry  
  20  2:03  Probe  
  23  2:15  Probe  
  24  2:18  Assimilator  
  24  2:22  Stalker  
  24  2:27  Probe  
  27  2:39  Probe  
  29  2:51  Probe  
  29  3:06  Probe x2  
  31  3:18  Stalker, Probe  
  31  3:19  Probe  
  35  3:30  Gateway, Probe  
  35  3:31  Probe  
  35  3:33  Gateway  
  37  3:37  Pylon  
  37  3:38  Shield Battery  
  37  3:42  Probe  
  37  3:44  Probe  
  37  3:48  Pylon  
  39  3:54  Probe  
  40  4:03  Stalker  
  42  4:10  Twilight Council  
  42  4:13  Robotics Facility  
  42  4:14  Probe x2  
  44  4:18  Assimilator  
  44  4:26  Probe x2  
  44  4:31  Stalker x3  
  48  4:38  Probe  
  53  4:39  Probe  
  53  4:40  Blink  
  54  4:47  Assimilator  
  54  4:50  Forge, Probe  
  54  4:52  Probe  
  56  4:55  Forge  
  56  4:57  Observer  
  56  5:02  Probe  
  56  5:04  Probe  
  59  5:10  Observer  
  59  5:14  Probe  
  59  5:16  Probe  
  62  5:21  Protoss Ground Weapons Level 1  
  62  5:23  Protoss Ground Armor Level 1  
  62  5:26  Pylon  
  62  5:33  Pylon  
  62  5:44  Probe x2, Immortal  
  68  5:56  Probe x2  
  70  6:01  Nexus  
  70  6:03  Pylon  
  70  6:07  Pylon  
  70  6:08  Probe x2  
  72  6:12  Stalker x2  
  72  6:13  Stalker  
  78  6:21  Probe x2  
  78  6:25  Gateway  
  80  6:36  Photon Cannon  
  80  6:38  Photon Cannon  
  80  6:40  Stalker x2  
  80  6:41  Charge  
  80  6:43  Photon Cannon  
  84  6:50  Photon Cannon  
  84  6:51  Probe x2  
  84  6:53  Photon Cannon  
  84  7:10  Photon Cannon  
  84  7:13  Photon Cannon  
  84  7:15  Probe  
  84  7:16  Probe x2, Photon Cannon  
  84  7:18  Pylon  
  87  7:28  Probe x2  
  89  7:41  Templar Archives  
  89  7:50  Gateway  
  89  7:51  Gateway  
  89  7:53  Stalker x4  
  89  7:58  Warp Prism  
  99  8:11  Assimilator  
  99  8:14  Assimilator  
  99  8:28  Stalker x4  
  107  8:45  Probe x3  
  110  8:50  Photon Cannon  
  110  8:52  Photon Cannon  
  110  8:57  Probe x3  
  113  9:04  Nexus  
  113  9:06  Pylon  
  113  9:08  Pylon  
  113  9:09  Probe x2  
  115  9:25  Protoss Ground Weapons Level 2, Probe x2, Protoss Ground Armor Level 2  
  117  9:44  Probe x2  
  117  9:45  Probe  
  120  9:48  Zealot x6  
  132  9:53  Psionic Storm  
  132  10:18  Pylon x2  
  132  10:19  Pylon  
  132  10:22  Pylon x2  
  132  10:34  Zealot x5  
  132  10:35  Zealot  
  92  10:59  Immortal  
  92  11:00  Zealot x6  
  98  11:07  Photon Cannon x2  
  98  11:08  Photon Cannon x2  
  98  11:09  Photon Cannon  
  92  11:19  Robotics Facility x2  
  85  11:29  Photon Cannon x2  
  85  11:30  Photon Cannon  
  85  11:31  Photon Cannon  
  85  11:32  Photon Cannon x3  
  75  11:33  Photon Cannon  
  75  11:37  Stalker x6  
  75  11:38  Immortal  
  64  12:16  Stalker x6  
  64  12:17  Immortal  
  80  12:26  Immortal  
  80  12:29  Immortal  
  72  12:47  Stalker x4  
  72  12:48  Stalker  
  20  13:22  Stalker  
  20  13:23  Stalker x5  
Show
View Real Time Build Order
Export as new Build Order

geilhart Terran 

Build Orders:  

Get SALT Encoding   

  12  0:01  SCV  
  13  0:13  SCV  
  14  0:21  Supply Depot  
  14  0:25  SCV  
  15  0:29  Refinery  
  16  0:42  SCV  
  16  0:46  Barracks  
  16  0:55  SCV  
  17  1:07  SCV  
  18  1:19  SCV  
  19  1:31  SCV  
  20  1:39  Barracks Tech Lab  
  20  1:47  Command Center  
  20  1:53  Orbital Command  
  20  1:58  Marine  
  21  2:16  Marine  
  22  2:27  Barracks  
  22  2:30  Engineering Bay  
  22  2:34  Marine, Refinery  
  23  2:58  SCV, Marine  
  23  3:00  Terran Infantry Weapons Level 1  
  23  3:01  Supply Depot  
  25  3:05  SCV  
  25  3:10  SCV  
  27  3:16  Marine  
  27  3:18  Factory, Barracks Reactor  
  28  3:26  Orbital Command  
  28  3:34  SCV, Marine  
  29  3:39  Stimpack  
  30  3:46  SCV  
  31  3:49  Missile Turret  
  31  3:52  Marine  
  32  3:58  SCV  
  32  3:59  SCV  
  32  4:01  Supply Depot  
  34  4:09  Missile Turret  
  34  4:10  SCV  
  34  4:13  SCV, Refinery  
  36  4:19  Marine  
  36  4:22  SCV  
  36  4:23  Marine, Refinery  
  39  4:25  SCV  
  39  4:27  Widow Mine  
  39  4:30  Marine  
  43  4:34  SCV  
  44  4:42  SCV, Marine  
  44  4:43  Starport  
  44  4:44  Marine  
  47  4:51  SCV, Marine, Engineering Bay  
  49  4:54  Factory Tech Lab  
  49  4:58  SCV  
  50  5:00  Marine  
  50  5:02  Marine, Terran Infantry Armor Level 1  
  50  5:06  SCV  
  53  5:12  SCV, Armory  
  54  5:20  Hi-Sec Auto Tracking  
  54  5:24  Starport Reactor  
  54  5:35  Supply Depot  
  54  5:37  SCV  
  54  5:40  SCV, Marine  
  54  5:57  SCV x2, Marine x3, Widow Mine  
  61  6:08  Supply Depot  
  61  6:09  SCV  
  61  6:10  Supply Depot  
  62  6:14  Supply Depot  
  62  6:18  Terran Vehicle Weapons Level 1  
  62  6:30  SCV x2  
  62  6:31  Hellion  
  62  6:34  Supply Depot  
  62  6:39  Missile Turret  
  62  6:42  Marine x2, Missile Turret x2  
  62  6:43  Marine  
  62  6:44  Missile Turret  
  62  6:45  Viking x2  
  69  6:52  Missile Turret  
  69  6:53  Siege Tank  
  72  6:54  SCV  
  72  6:55  SCV  
  72  6:56  Missile Turret  
  72  7:00  Marine  
  75  7:07  SCV  
  76  7:17  Missile Turret  
  76  7:21  Missile Turret  
  76  7:25  Marine, Hellion  
  76  7:26  Marine x2  
  76  7:28  SCV  
  76  7:29  SCV  
  81  7:40  SCV  
  81  7:43  Marine  
  83  7:46  Marine x2  
  85  7:58  Terran Infantry Weapons Level 2  
  85  8:00  SCV  
  86  8:21  Marine  
  86  8:23  SCV  
  86  8:50  Missile Turret x2  
  86  8:51  Missile Turret x3  
  86  9:20  Missile Turret  
  86  9:21  Command Center  
  86  9:22  Missile Turret  
  86  9:23  Missile Turret  
  86  9:25  Missile Turret  
  86  9:39  Supply Depot  
  86  9:40  Supply Depot  
  86  9:41  Supply Depot  
  86  9:42  Supply Depot  
  86  9:44  Supply Depot  
  86  10:02  Terran Vehicle Weapons Level 2, Marine, Terran Infantry Armor Level 2, Liberator x2  
  86  10:03  SCV x2, Marine x2, Siege Tank  
  86  10:05  Combat Shield  
  100  10:15  SCV x2  
  100  10:20  Marine  
  100  10:21  Marine x2  
  105  10:35  Siege Tank  
  105  10:38  Marine  
  105  10:39  Marine x2  
  75  10:52  Planetary Fortress  
  75  10:54  SCV x2  
  75  10:56  Marine, Viking  
  75  10:57  Marine x2  
  82  11:08  Siege Tank  
  82  11:10  Viking  
  87  11:11  SCV x2  
  87  11:14  Marine x3  
  92  11:23  SCV  
  93  11:26  Viking  
  93  11:31  Marine  
  93  11:32  Marine x2  
  93  11:39  Thor  
  95  11:40  Viking  
  103  11:49  Marine  
  103  11:50  Marine x2  
  106  11:56  Liberator  
  107  12:07  Marine  
  107  12:08  Marine x2  
  105  12:10  Liberator  
  98  12:22  Thor  
  84  12:25  Marine  
  84  12:26  Marine x2  
  84  12:38  Liberator  
  84  12:43  Marine x3  
  77  12:53  Liberator  
  78  13:00  Marine  
  78  13:01  Marine x2  
  84  13:18  Marine  
  84  13:19  Marine  
Tags
 
Add a new tag
Caveats
  • Supply blocks, unpowered buildings, or Contaminate may cause inaccurate times.
  • Supply counts are checked every 10 seconds.